 Dungeon Sprint DCSS version 0.30-a0-210-g01b79a254e (webtiles) character file.

Game seed: 9251498168106359068

646 rocky1 the Fighter (level 7, -4/84 HPs)
             Began as an Ogre Gladiator on Oct 5, 2022.
             Was an Initiate of Gozag.
             Slain by a hellwing (12 damage)
             ... in the Dungeon (Sprint VII: "The Pits").
             The game lasted 00:03:23 (1051 turns).

rocky1 the Fighter (Ogre Gladiator)                 Turns: 1051, Time: 00:03:24

Health: -4/84      AC: 10    Str: 21    XL:     7   Next: 52%
Magic:  7/7        EV: 11    Int:  9    God:    Gozag
Gold:   1611       SH:  0    Dex: 10    Spells: 6/6 levels left

rFire   . . .      SeeInvis .    o - +0 flail (protect)
rCold   . . .      Faith    .    (no shield)
rNeg    . . .      Spirit   .    b - +0 robe
rPois   .          Reflect  .    c - +0 hat
rElec   .          Harm     .    (no cloak)
rCorr   .          Rampage  .    (gloves unavailable)
Will    .....      NoTele   +    (boots unavailable)
Stlth   +++.......               (no amulet)
HPRegen 0.34/turn                (no ring)
MPRegen 0.10/turn                (no ring)

@: under a protective aura, on berserk cooldown, hasted and slowed
A: large, unfitting armour, tough skin 1
a: Renounce Religion, Potion Petition, Call Merchant, Bribe Branch


You were in the Dungeon.
You worshipped Gozag.
Gozag was most pleased with you.
You visited 1 branch You collected 1611 gold pieces.

Inventory:

Hand Weapons
 a - a +0 flail
 o - a +0 flail of protection (weapon)
Missiles
 d - 3 boomerangs (quivered)
 e - a large rock
Armour
 b - a +0 robe (worn)
 c - a +0 hat (worn)
Scrolls
 k - a scroll of blinking
 m - 5 scrolls of amnesia
 n - a scroll of summoning
Potions
 f - 6 potions of curing
 g - 2 potions of heal wounds
 i - 4 potions of magic
 l - a potion of invisibility


   Skills:
 + Level 9.6 Fighting
 + Level 7.8 Maces & Flails
 + Level 6.4 Throwing
 - Level 0.4 Armour
 + Level 7.0 Dodging
 + Level 5.8 Stealth


You had 6 spell levels left.
You didn't know any spells.
Your spell library was empty.

Dungeon Overview and Level Annotations

Branches:
Dungeon (1/1)

Altars:
Ashenzari
Cheibriados
Dithmenos
Elyvilon
Fedhas
Gozag
Hepliaklqana
Kikubaaqudgha
Makhleb
Nemelex Xobeh
Okawaru
Qazlal
Ru
Sif Muna
Trog
Uskayaw
Vehumet
Wu Jian
Xom
Yredelemnul
Zin
The Shining One
Jiyva
Lugonu


Innate Abilities, Weirdness & Mutations

You are too large for most types of armour.
You have tough skin. (AC +1)


Message History

The hellwing barely misses you.
The hellwing hits you but does no damage.
You thump the hellwing!
The hellwing is moderately wounded.
You closely miss the hellwing.
The hellwing is moderately wounded.
The hellwing barely misses you. The hellwing hits you.
You barely miss the hellwing.
The hellwing is moderately wounded.
You are no longer berserk.
You are exhausted.
You feel yourself slow down.
The hellwing hits you but does no damage.
The hellwing hits you.
You feel yourself speed up. The hellwing misses you.
The hellwing hits you but does no damage.
Unknown command.
You hit the hellwing.
The hellwing is moderately wounded.
The hellwing hits you but does no damage.
The hellwing hits you.
You hit the hellwing but do no damage.
The hellwing is moderately wounded.
The hellwing hits you! The hellwing misses you.
You hit the hellwing.
The hellwing is moderately wounded.
The hellwing hits you!
* * * LOW HITPOINT WARNING * * *
The hellwing hits you.
* * * LOW HITPOINT WARNING * * *
You barely miss the hellwing.
The hellwing is moderately wounded.
The hellwing hits you!
* * * LOW HITPOINT WARNING * * *
The hellwing hits you but does no damage.
You hit the hellwing.
The hellwing is moderately wounded.
The hellwing hits you!
You die...
Your body crumbles into a pile of gold.

#.#..#####.##.......#
#.#..'...#)##.......#
#.#..'...'.##.......#
#)#..########...<...#
#)#..'[))).##.......#
#.#..#[.)).##.......#
#)###########.......#
#..#.#.##..##########
#.......#@##
##.#.#.##4#
#.......#'#
##.#.#.##.'...o+
#.......#'#..4.#
##.#.#..'.#o.o.#
########## ####


You could see a hellwing.

Vanquished Creatures
  A tarantella (D)
  An ice beast (D)
  An orc warrior (D)
  A black bear (D)
  A quasit (D)
  3 orc priests (D)
  2 orc wizards (D)
  An adder (D)
  5 orcs (D)
  A ball python (D)
  A bat (D)
  A bat skeleton (D)
  A bat zombie (D)
  2 endoplasms (D)
  3 jackals (D)
  A kobold (D)
  A quokka (D)
  2 frilled lizards (D)
  A jackal skeleton (D)
30 creatures vanquished.

Notes
Turn   | Place    | Note
-------+----------+-------------------------------------------
     0 | D        | rocky1 the Ogre Gladiator began the quest for the Orb.
     0 | D        | Reached XP level 1. HP: 22/22 MP: 1/1
    22 | D        | Reached skill level 3 in Fighting
    59 | D        | Found a bloodstained altar of Trog.
    59 | D        | Found a shimmering blue altar of Sif Muna.
    59 | D        | Found a viscous altar of Jiyva.
    59 | D        | Found a hazy altar of Hepliaklqana.
    59 | D        | Found an opulent altar of Gozag.
    60 | D        | Found a glowing golden altar of the Shining One.
    60 | D        | Found a glowing silver altar of Zin.
    60 | D        | Found a basalt altar of Yredelemnul.
    60 | D        | Found a shimmering altar of Xom.
    60 | D        | Found an ornate altar of the Wu Jian Council.
    60 | D        | Found a sacrificial altar of Ru.
    60 | D        | Found a stormy altar of Qazlal.
    60 | D        | Found an iron altar of Okawaru.
    60 | D        | Found a sparkling altar of Nemelex Xobeh.
    60 | D        | Found a burning altar of Makhleb.
    60 | D        | Found a blossoming altar of Fedhas.
    60 | D        | Found a white marble altar of Elyvilon.
    60 | D        | Found a shadowy altar of Dithmenos.
    60 | D        | Found a snail-covered altar of Cheibriados.
    63 | D        | Found a corrupted altar of Lugonu.
    63 | D        | Found a radiant altar of Vehumet.
    64 | D        | Found an ancient bone altar of Kikubaaqudgha.
    64 | D        | Found a hide-covered altar of Uskayaw.
    64 | D        | Found a broken altar of Ashenzari.
    67 | D        | Became a worshipper of Gozag Ym Sagoz the Greedy
   110 | D        | Reached skill level 1 in Stealth
   113 | D        | Reached XP level 2. HP: 22/31 MP: 2/2
   185 | D        | Reached skill level 4 in Fighting
   185 | D        | Reached XP level 3. HP: 40/40 MP: 3/3
   194 | D        | Reached skill level 5 in Fighting
   194 | D        | Reached skill level 5 in Maces & Flails
   194 | D        | Reached XP level 4. HP: 27/50 MP: 4/4
   461 | D        | Noticed an ice beast
   477 | D        | Reached skill level 6 in Fighting
   496 | D        | Reached XP level 5. HP: 29/61 MP: 5/5
   506 | D        | Killed an ice beast
   507 | D        | Reached skill level 7 in Fighting
   507 | D        | Reached skill level 5 in Dodging
   511 | D        | Reached XP level 6. HP: 23/71 MP: 6/6
   798 | D        | Noticed a black bear
   807 | D        | Killed a black bear
   808 | D        | Reached skill level 8 in Fighting
   808 | D        | Reached skill level 5 in Throwing
   812 | D        | Noticed a tarantella
   817 | D        | Killed a tarantella
   818 | D        | Reached skill level 9 in Fighting
   818 | D        | Reached skill level 5 in Stealth
   818 | D        | Reached XP level 7. HP: 55/83 MP: 7/7
  1020 | D        | Noticed a hellwing
  1051 | D        | Slain by a hellwing

Illustrated notes

Levels and vault maps discovered:
D:        pitsprint [storerooms_1, entrance_room_1, metal_vault_2, armoury_1,
          mini_pit_1, grid_room_1, main_hall_1, silver_pit, the_coven_1,
          the_vestibule_1, steel_vault_5, golden_pit, hallway_of_sentries,
          crystal_vault_4, iron_vault_4, final_vault]

Skill      XL: |  1  2  3  4  5  6  7 |
---------------+----------------------+-----
Fighting       | 3 4 5 6 7 9 |  9.6
Maces & Flails | 3 4 5 6 7 |  7.8
Dodging        | 3 4 5 6 7 |  7.0
Stealth        | 1 2 3 4 5 |  5.8
Throwing       | 3 4 6 |  6.4
Armour         | |  0.4

Action                   |  1- 3 |  4- 6 |  7- 9 || total
-------------------------+-------+-------+-------++-------
Melee: Flail             |    47 |    77 |    40 ||   164
       Punch             |       |     2 |       ||     2
Throw: Throwing net      |       |     3 |       ||     3
       Large rock        |       |     2 |     1 ||     3
  Use: Potion            |     1 |     4 |     4 ||     9
 Stab: Distracted        |     1 |       |       ||     1
Armor: Robe              |    12 |    44 |    11 ||    67
Dodge: Dodged            |    25 |    28 |    21 ||    74

Table legend: (Time is in decaauts)
 A = Elapsed time spent in this place.
 B = Non-inter-level travel time spent in this place.
 C = Inter-level travel time spent in this place.
 D = Time resting spent in this place.
 E = Time spent auto-exploring this place.
 F = Levels seen in this place.
 G = Mean time per level.
                   A        B        C        D        E       F      G
               +--------+--------+--------+--------+--------+-----+--------+
         Total |   1084 |   1065 |     19 |    633 |      0 |   1 | 1084.0 |
       Dungeon |   1084 |   1065 |     19 |    633 |      0 |   1 | 1084.0 |
               +--------+--------+--------+--------+--------+-----+--------+

Top non-repeatable levels by time:
       D: 1084 daAuts
